 Dungeon Crawl Stone Soup version 0.27.0-1-g7a089689b8 (webtiles) character file.

Game seed: 15170245744820346230

3103 a11behringer the Fighter (level 9, -6/82 (83) HPs)
             Began as a Minotaur Fighter on Aug 18, 2021.
             Was a Believer of Makhleb.
             Mangled by an orc warrior (10 damage)
             ... on level 7 of the Dungeon.
             The game lasted 00:44:30 (5925 turns).

a11behringer the Fighter (Minotaur Fighter)         Turns: 5925, Time: 00:44:31

HP:   -6/82 (83)    AC: 15    Str: 12 (23) XL:     9   Next: 59%
MP:   8/8           EV:  3    Int:  9 (11) God:    Makhleb [**....]
Gold: 410           SH:  9    Dex:  2 (11) Spells: 8/8 levels left

rFire    . . .     SeeInvis .   a - +1 war axe
rCold    . . .     Faith    .   c - +0 kite shield
rNeg     . . .     Spirit   .   r - +0 plate armour
rPois    .         Reflect  .   (helmet restricted)
rElec    .         Harm     .   (no cloak)
rCorr    .         Rampage  .   q - +0 pair of gloves
Will     .....                  (no boots)
Stlth    ..........             (no amulet)
HPRegen  0.23/turn              x - +6 ring of intelligence
MPRegen  0.11/turn              (no ring)

@: on berserk cooldown, lightly drained, very slow
A: horns 2, retaliatory headbutt
a: Renounce Religion, Minor Destruction


You were on level 7 of the Dungeon.
You worshipped Makhleb.
Makhleb was pleased with you.
You visited 1 branch of the dungeon, and saw 7 of its levels.

You collected 410 gold pieces.

Inventory:

Hand Weapons
 a - a +1 war axe (weapon)
 u - a +0 club
 v - a +0 club
Missiles
 e - 47 bolts
 f - 69 arrows
 o - 2 throwing nets (quivered)
Armour
 b - a +0 scale mail
 c - a +0 kite shield (worn)
 q - a +0 pair of gloves (worn)
 r - a +0 plate armour (worn)
Jewellery
 x - a +6 ring of intelligence (left hand)
Wands
 i - a wand of acid (8)
 A - a wand of charming (8)
Scrolls
 h - a scroll of fear {unknown}
 l - 3 scrolls of enchant armour {unknown}
 m - 3 scrolls of teleportation
 n - 4 scrolls of noise
 p - a scroll of enchant weapon
 w - a scroll of amnesia
 y - 2 scrolls of fog
 B - a scroll of identify
 E - a scroll of acquirement {unknown}
 F - a scroll of brand weapon {unknown}
Potions
 g - a potion of attraction {unknown}
 k - a potion of magic
 s - a potion of lignification {unknown}
 t - 3 potions of degeneration
 z - a potion of cancellation
 D - a potion of invisibility {unknown}


   Skills:
 + Level 9.0 Fighting
 + Level 8.3 Axes
 + Level 8.9 Armour
 + Level 8.9 Shields


You had 8 spell levels left.
You didn't know any spells.
Your spell library contained the following spells:

 Spells                   Type           Power      Damage    Failure   Level
 Corpse Rot               Necr/Air       N/A        N/A       100%        2
 Poisonous Vapours        Pois/Air       0%         N/A       100%        2
 Sublimation of Blood     Necr           0%         N/A       100%        2
 Frozen Ramparts          Ice            0%         1d2       100%        3
 Gell's Gravitas          Tloc           0%         N/A       100%        3
 Lesser Beckoning         Tloc           0%         N/A       100%        3
 Teleport Other           Tloc           0%         N/A       100%        3
 Ice Form                 Ice/Tmut       0%         N/A       100%        4
 Petrify                  Tmut/Erth      0%         N/A       100%        4
 Summon Ice Beast         Ice/Summ       0%         N/A       100%        4
 Freezing Cloud           Conj/Ice/Air   0%         6-21      100%        5
 Irradiate                Conj/Tmut      0%         3d13      100%        5
 Dispersal                Tloc           0%         N/A       100%        6


Dungeon Overview and Level Annotations

Branches:
Dungeon (7/15)             Temple (0/1) D:5

Altars:
Cheibriados
Fedhas
Hepliaklqana
Makhleb
Uskayaw
Vehumet
Wu Jian
Xom
Yredelemnul
Zin
The Shining One

Shops:
D:1 =


Innate Abilities, Weirdness & Mutations

You have a pair of horns on your head.
You reflexively headbutt those who attack you in melee.


Message History

Makhleb accepts your kill.
You slash the orc warrior!
The centaur shoots an arrow.
The arrow completely misses you.
You closely miss the orc warrior. Your headbutt misses the orc warrior.
The orc warrior is moderately wounded.
You hit the orc.
The centaur shoots an arrow.
The arrow hits you but does no damage.
The orc warrior hits you with a +0 war axe.
The orc hits you but does no damage.
You hit the orc warrior but do no damage.
The orc warrior is moderately wounded.
You hit the orc.
The orc warrior hits you with a +0 war axe!
You hit the orc warrior.
The orc warrior is moderately wounded.
You closely miss the orc.
You are no longer berserk.
You are exhausted.
You feel yourself slow down.
The centaur shoots an arrow.
The arrow hits you!
* * * LOW HITPOINT WARNING * * *
The orc zaps a wand.
The puff of flame hits you but does no damage.
The orc warrior hits you with a +0 war axe.
* * * LOW HITPOINT WARNING * * *
It was a potion of cancellation.
Your magical effects are unravelling.
You feel magically purged.
You feel yourself speed up.
You feel a little less mighty now.
The sentinel's mark upon you fades away.
The orc warrior hits you but does no damage.
Your plate armour prevents you from hitting the orc warrior.
The orc warrior is moderately wounded.
The orc warrior hits you with a +0 war axe!
* * * LOW HITPOINT WARNING * * *
You closely miss the orc warrior.
The orc warrior is moderately wounded.
The orc warrior hits you with a +0 war axe.
* * * LOW HITPOINT WARNING * * *
The orc warrior hits you with a +0 war axe!
You die...

#............ ..
..........#..
#.###.#.......#..
...#.#.......#..
..########.#.#.......#..
.............#.......#..
.....................#..
#########............##.
.......@oo.....#####.###
#########c.....# .#
#......# .. #......# ..
#......# #.c......
#.....###. ##..### .
#...


You could see an orc warrior, a centaur and an orc.

Vanquished Creatures
  A two-headed ogre (D:4)
  Sigmund (D:4)
  2 water moccasins
  An ice beast (D:6)
  An orc warrior (D:6)
  3 sky beasts (D:5)
  A necrophage (D:6)
  2 black bears
  A phantom (D:5)
  A scorpion (D:6)
  2 wyvern zombies
  A water moccasin skeleton (D:5)
  3 wights (D:7)
  An electric eel (D:6)
  2 bullfrog zombies (D:6)
  A jelly (D:6)
  3 hounds
  A centaur skeleton (D:6)
  2 gnoll shamans
  2 bullfrog skeletons
  Jessica (D:2)
  7 iguanas
  A scorpion zombie (D:5)
  A killer bee zombie (D:5)
  Robin (D:4)
  8 gnolls
  14 adders
  A howler monkey skeleton (D:7)
  A shadow imp (D:6)
  2 white imps
  2 ufetubi
  4 worms
  A dart slug (D:2)
  5 orcs
  3 bats
  7 endoplasms
  4 giant cockroaches
  11 goblins (D:4)
  9 hobgoblins
  3 jackals (D:2)
  4 kobolds
  6 quokkas
  5 ball pythons
  5 frilled lizards
  4 rats
  A spectral kobold (D:2)
143 creatures vanquished.

Notes
Turn   | Place    | Note
-------+----------+-------------------------------------------
     0 | D:1      | a11behringer the Minotaur Fighter began the quest for the
                  | Orb.
     0 | D:1      | Reached XP level 1. HP: 19/19 MP: 0/0
    90 | D:1      | Found Metaaw's Jewellery Boutique.
   180 | D:2      | Noticed Jessica
   193 | D:2      | Killed Jessica
   194 | D:2      | Reached skill level 4 in Fighting
   194 | D:2      | Reached XP level 2. HP: 20/27 MP: 1/1
   194 | D:2      | Reached XP level 3. HP: 24/33 MP: 2/2
   643 | D:2      | Reached XP level 4. HP: 35/41 MP: 3/3
   821 | D:2      | Found a faded altar of an unknown god.
   831 | D:2      | Became a worshipper of Cheibriados the Contemplative
   831 | D:2      | Reached * piety under Cheibriados
  1677 | D:3      | Found a burning altar of Makhleb.
  1680 | D:3      | Found a hazy altar of Hepliaklqana.
  1726 | D:3      | Fell from the grace of Cheibriados
  1726 | D:3      | Became a worshipper of Makhleb the Destroyer
  1816 | D:4      | Reached XP level 5. HP: 45/47 MP: 4/4
  1864 | D:4      | Found a basalt altar of Yredelemnul.
  1895 | D:4      | Reached skill level 5 in Fighting
  1953 | D:4      | Reached skill level 5 in Shields
  1963 | D:4      | Reached skill level 5 in Armour
  2065 | D:4      | Reached XP level 6. HP: 21/56 MP: 5/5
  2263 | D:4      | Noticed Robin
  2286 | D:4      | Killed Robin
  2286 | D:4      | Reached * piety under Makhleb
  2406 | D:4      | Noticed Sigmund
  2418 | D:4      | Killed Sigmund
  2991 | D:4      | Found a hide-covered altar of Uskayaw.
  3075 | D:4      | Noticed a two-headed ogre
  3083 | D:4      | Killed a two-headed ogre
  3084 | D:4      | Reached skill level 6 in Fighting
  3084 | D:4      | Reached XP level 7. HP: 48/64 MP: 6/6
  3084 | D:4      | Reached XP level 8. HP: 53/71 MP: 7/7
  3517 | D:5      | Entered Level 5 of the Dungeon
  3603 | D:5      | Reached skill level 7 in Fighting
  3645 | D:5      | Found a glowing silver altar of Zin.
  3880 | D:5      | Reached ** piety under Makhleb
  4140 | D:5      | Found a staircase to the Ecumenical Temple.
  4566 | D:6      | Reached skill level 8 in Fighting
  4575 | D:6      | Reached XP level 9. HP: 62/81 MP: 8/8
  4584 | D:6      | Found an ornate altar of the Wu Jian Council.
  4743 | D:6      | Found a faded altar of an unknown god.
  4743 | D:6      | Found a faded altar of an unknown god.
  4751 | D:6      | Found a shimmering altar of Xom.
  4756 | D:6      | Found a glowing golden altar of the Shining One.
  4758 | D:6      | Found a radiant altar of Vehumet.
  5597 | D:6      | Found a blossoming altar of Fedhas.
  5905 | D:7      | Reached skill level 9 in Fighting
  5925 | D:7      | HP: 4/82 [orc warrior (4)]
  5925 | D:7      | Mangled by an orc warrior

Illustrated notes

Levels and vault maps discovered:
D:1:      wander_arrival_lonely_grave, layout_loops_cross, serial_shops,
          nicolae_shop_trees
D:2:      layout_rooms, dreamdust_ecumenical_altar_drowned_temple, uniq_jessica
D:3:      layout_loops_ring, minitemple
D:4:      wander_river, layout_basic, mainiacjoe_overflow_paths,
          mainiacjoe_overflow_brackets, gup_sewer_entry_bubbles, uniq_robin,
          uniq_sigmund
D:5:      layout_gridville, nicolae_overflow_hidden_temple, temple_doors_e,
          roderic_lattice_a, kennysheep_crisscross, lemuel_old_faithful
D:6:      wad_river_or_something, layout_basic,
          chequers_temple_overflow_minitemple, fedhas_altar_fruit_tree,
          lemuel_crystal_altar
D:7:      layout_basic

Skill      XL: |  1  2  3  4  5  6  7  8  9 |
---------------+----------------------------+-----
Fighting       | 4 5 6 8 9 |  9.0
Armour         | 4 5 6 7 8 |  8.9
Shields        | 4 5 6 7 8 |  8.9
Axes           | 3 4 6 7 8 |  8.3

Action                   |  1- 3 |  4- 6 |  7- 9 || total
-------------------------+-------+-------+-------++-------
Melee: War axe           |    40 |   193 |   310 ||   543
       Headbutt          |     8 |    21 |    35 ||    64
Invok: Minor Destruction |       |       |     4 ||     4
  Use: Scroll            |     2 |     3 |     5 ||    10
       Potion            |       |     6 |     5 ||    11
Armor: Scale mail        |    15 |    18 |       ||    33
       Plate armour      |       |    90 |   205 ||   295
Dodge: Dodged            |    15 |    45 |    56 ||   116
Block: Kite shield       |    27 |   122 |   174 ||   323
